[Event "Late-Titled-Tuesday-Blitz-September-19-2023"]
[Site "Chess.com"]
[Date "2023.09.19"]
[Round "6"]
[White "PNEPaul"]
[Black "eCztery"]
[Result "0-1"]
[WhiteElo "1942"]
[BlackElo "2409"]
[TimeControl "180+1"]
[EndTime "15:05:45 PDT"]
[Termination "eCztery won on time"]

1. e4 d5 2. exd5 Qxd5 3. d4 Nf6 4. Nf3 Bg4 5. Be2 Nc6 6. c4 Qh5 7. Be3 O-O-O 8. Nc3 e5 9. d5 e4 10. Nd4 Nxd4 11.
Qxd4 b6 12. Qd1 Bxe2 13. Qxe2 Qe5 14. O-O-O Bb4 15. Bd4 Qg5+ 16. Kb1 Qxg2 17. Rhg1 Qxh2 18. Rxg7 Qh6 19. Rxf7 Rdf8 20. Bxf6 Rxf7 21. Bxh8 Qg6 22. Qxe4 Qg8 23. Bd4 h5 24. a3 Bd6 25. Qe6+ Kb7 26.
Ne4 Qh7 27. Ka2 Rd7 28. Rg1 h4 29. Rh1 Re7 30. Nxd6+ cxd6 31. Qh3 Rc7 32. Qxh4 Qd3 33. b3 a5 34. Bb2 a4 35. bxa4 Rxc4 36. Qe7+ Rc7 37. Qe3 Qxd5+ 38. Qb3 Qxh1 39. Bd4 Qc6 40. a5 Qc2+ 41. Qxc2 Rxc2+ 42. Kb3 Rd2 43. Bxb6 Re2 44. Kc3 Ka6 45. Kb3 Re5 46. Kb4 Rf5 47. Kb3 Rb5+ 48.
Kc4 Rf5 49. Kb3 Kb7 50. Kc4 Kc6 51. Kb3 Rf4 52. Kc3 Kd5 53. Kb3 Kc6 54. Kc3 d5 55.
Kb3 Re4 56. Kc3 Rc4+ 57. Kb3 Kb5 58. Kb2 Re4 59. Kb3 d4 60. Kc2 Kc4 61. a6 Re2+ 62. Kd1 d3 63. a7 Re8 64. Be3 Kc3 65. Bd2+ Kb3 66. Be3 Kc3 67. Bd2+ Kc4 68. Be3 Rc8 69. Kd2 Rd8 0-1

[Event "Late-Titled-Tuesday-Blitz-September-19-2023"]
[Site "Chess.com"]
[Date "2023.09.19"]
[Round "6"]
[White "mishanick"]
[Black "ameetghasi100"]
[Result "1-0"]
[WhiteElo "3098"]
[BlackElo "2692"]
[TimeControl "180+1"]
[EndTime "15:05:46 PDT"]
[Termination "mishanick won on time"]

1. d4 Nf6 2. c4 d6 3. Nc3 g6 4. e4 Bg7 5. Bd3 O-O 6. Nge2 Nc6 7.
O-O e5 8. d5 Ne7 9. f3 c5 10.
Kh1 a6 11. g4 Nd7 12. Rg1 Rb8 13. Be3 Qa5 14. a4 Qc7 15. Ng3 h6 16. h4 Kh7 17.
Qd2 Qd8 18. Qh2 b6 19. Qd2 Rb7 20. Kg2 Ng8 21. a5 bxa5 22. h5 g5 23. Ra2 Nb8 24. Rga1 Nf6 25. Rxa5 Re8 26. R5a2 Bf8 27. Rb1 Ree7 28.
Nce2 Rb4 29. Qc2 Reb7 30. Bd2 Nfd7 31. Nf5 Qc7 32. Nc1 R7b6 33. Be2 Qb7 34. Bxb4 cxb4 35. Nb3 Qc7 36. Ra5 Rb7 37. Rc1 Nc5 38. Nxc5 dxc5 39. Rca1 Rb6 40. Qd2 Bd6 41. Bd1 Bxf5 42. exf5 f6 43. Ba4 Kg7 44. Qd3 Kf7 45. Bc6 Kg7 46. Qb3 Qe7 47. Re1 Kf8 48. Qa4 Bc7 49.
d6 Qxd6 50. Bd5 e4 51. Rxe4 Qg3+ 52. Kf1 Qxf3+ 53. Ke1 Bg3+ 54. Kd2 Qf2+ 55. Kc1 Be5 56. Qc2 Qxc2+ 57. Kxc2 Nd7 58. Be6 Nb8 59. Rxc5 Rc6 60. Rd5 Ke7 61. Kb3 Rb6 62. c5 Rb5 63. Rxb4 Nc6 64.
Rd7+ Ke8 65. Rxb5 axb5 66. Rh7 Nd4+ 67. Kb4 Nf3 68. Rxh6 1-0

[Event "Late-Titled-Tuesday-Blitz-September-19-2023"]
[Site "Chess.com"]
[Date "2023.09.19"]
[Round "6"]
[White "Schwindle"]
[Black "campochess"]
[Result "1-0"]
[WhiteElo "2423"]
[BlackElo "2176"]
[TimeControl "180+1"]
[EndTime "15:05:50 PDT"]
[Termination "Schwindle won by resignation"]

1. e4 c5 2. Nf3 Nc6 3. d4 cxd4 4. Nxd4 e5 5. Nb5 a6 6. Nd6+ Bxd6 7. Qxd6 Qe7 8. Qd3 Nf6 9. Nc3 h6 10. Be2 d6 11. h3 Be6 12. O-O Rd8 13. Bf3 Nd4 14. Rd1 O-O 15. Be2 b5 16. a3 Bc4 17. Qd2 Bxe2 18. Nxe2 Nxe4 19. Qe3 Nxe2+ 20. Qxe2 f5 21. a4 Qb7 22. f3 Nc5 23. axb5 Qxb5 24. Qxb5 axb5 25.
Ra5 b4 26. Rb5 b3 27. cxb3 Ne6 28. Be3 f4 29. Bf2 Rf7 30. Rbd5 Rfd7 31. Bb6 Rc8 32. Rxd6 Rxd6 33. Rxd6 Ng5 34. h4 Nf7 35. Re6 Kh7 36. b4 Nh8 37. Rxe5 Ng6 38. Rc5 Re8 39. h5 Nh4 40. Rc2 Re1+ 41. Kh2 Nf5 42. Bf2 Re5 43. Rc5 Re2 44. Rxf5 Rxf2 45. Rxf4 Rxb2 46. Kh3 Kg8 47.
g4 Kh8 48. Kg3 Kg8 49. Rc4 Kf8 50. Kf4 Rb3 51. Ke4 Kf7 52. f4 Rb1 53. Kf5 Rd1 54. Rc7+ Kf8 55. b5 Rd5+ 56. Kg6 Rd6+ 57. Kh7 Rb6 58. Rc8+ Kf7 59. Rc7+ Kf8 60. Rxg7 Rxb5 61. Rg6 Rb4 62. f5 Rb5 63. Kxh6 Kf7 64. Kg5 Ra5 65.
h6 Ra8 66. h7 Rh8 67. Rh6 Kg7 68.
Rh5 Kf7 69. f6 Kf8 70. Kg6 Ke8 71. Kg7 Rf8 72. h8=Q 1-0

[Event "Late-Titled-Tuesday-Blitz-September-19-2023"]
[Site "Chess.com"]
[Date "2023.09.19"]
[Round "6"]
[White "ilya2700"]
[Black "GiorgianBarbosa"]
[Result "0-1"]
[WhiteElo "2292"]
[BlackElo "2454"]
[TimeControl "180+1"]
[EndTime "15:05:52 PDT"]
[Termination "GiorgianBarbosa won on time"]

1. c4 Nf6 2. Nc3 e6 3. e4 d5 4.
cxd5 exd5 5. e5 d4 6. exf6 dxc3 7. Bb5+ Nc6 8. Qe2+ Be6 9. Bc4 cxd2+ 10. Bxd2 Nd4 11.
Qe4 Qxf6 12. Bxe6 Qxe6 13. Qxe6+ Nxe6 14. O-O-O O-O-O 15. Nf3 Bc5 16. Ne5 Rhf8 17. f4 f6 18. Nc4 Nd4 19. Rde1 Rfe8 20. Rxe8 Rxe8 21. Re1 Rxe1+ 22.
Bxe1 Ne2+ 23. Kd2 Nxf4 24. g3 Nd5 25. Kd3 Nb4+ 26. Bxb4 Bxb4 27. Ne3 g6 28. Nd5 Bf8 29. Nxf6 h5 30. b3 c5 31. Kc4 Kc7 32. Kd5 b5 33.
Ne4 Kb6 34. Nf6 Ka5 35. Nd7 Be7 36. Nxc5 Kb4 37. Na6+ Ka3 38. Kc6 Kxa2 39. Kxb5 Kxb3 40. Nc7 Kc2 41. Ne6 Bd6 42. Kc6 Be5 43. Kd5 Bb8 44. Nf8 g5 45. Nh7 a5 46. Kc4 Bd6 47. Kb5 Be7 48. Kxa5 Kd3 49. Kb5 Ke4 50. Kc6 Kf5 51. Kd7 Bc5 52. Ke8 g4 53. Kf7 Bg1 54. Nf6 Kg5 55. Nh7+ Kh6 56. Nf6 Bxh2 57. Ne4 Bxg3 58.
Nxg3 h4 59. Nf5+ Kg5 60. Ke6 g3 61. Ke5 g2 62. Nd4 Kg4 63. Ne2 h3 0-1

[Event "Late-Titled-Tuesday-Blitz-September-19-2023"]
[Site "Chess.com"]
[Date "2023.09.19"]
[Round "6"]
[White "JoakimVonAnd"]
[Black "kuli4ik"]
[Result "0-1"]
[WhiteElo "2721"]
[BlackElo "2960"]
[TimeControl "180+1"]
[EndTime "15:05:53 PDT"]
[Termination "kuli4ik won by resignation"]

1. d4 g6 2. Nf3 Bg7 3. g3 d6 4. Bg2 Nd7 5. O-O e5 6. e4 Ne7 7.
Nc3 O-O 8. h3 exd4 9. Nxd4 Nc6 10.
Be3 Nde5 11. Qe2 Nxd4 12. Bxd4 Nf3+ 13. Qxf3 Bxd4 14. Rad1 Bg7 15. Rfe1 Re8 16. b3 c6 17.
Nb1 Be6 18. Qd3 Qa5 19. a4 Rad8 20. Nd2 Qc3 21. Qxc3 Bxc3 22. Re3 Ba5 23. Rd3 d5 24. exd5 Bf5 25. Re3 Rxe3 26. fxe3 cxd5 27. Nf1 Bxc2 28. Rxd5 Rxd5 29. Bxd5 Kf8 30. Kf2 Ke7 31. Ke2 f5 32. Nd2 Bc7 33. g4 b6 34. Nf3 fxg4 35.
hxg4 Bb1 36. Bg8 h5 37. gxh5 gxh5 38. Kf2 Kf6 39. Bd5 Bc2 40. Nd4 Bb1 41. Nf3 Bd6 42. Kg2 Bf5 43. Kf2 Bd7 44. Kg2 a5 45. Kf2 Bc5 46.
Ke2 Bg4 47. Kf2 Bd7 48. Ke2 Kf5 49. Kf2 Be7 50. Kg3 Be8 51. e4+ Kf6 52. e5+ Kf5 53. e6 Kf6 54. Bc4 Kf5 55. Bd5 Bf6 56. Bc4 Bc6 57. Nh4+ Ke5 58. Ng6+ Kd6 59. Nf4 h4+ 60. Kh3 Be4 61. Bd3 Bxd3 62. Nxd3 Kxe6 63. Nf4+ Ke5 64.
Ng6+ Kd4 65. Nf8 Kc3 66. Nd7 Bd8 67. Nb8 Kxb3 68. Nc6 Bf6 69. Kg4 Kxa4 0-1

[Event "Late-Titled-Tuesday-Blitz-September-19-2023"]
[Site "Chess.com"]
[Date "2023.09.19"]
[Round "6"]
[White "dawid498"]
[Black "sergiochess83"]
[Result "1/2-1/2"]
[WhiteElo "2668"]
[BlackElo "2896"]
[TimeControl "180+1"]
[EndTime "15:05:54 PDT"]
[Termination "Game drawn by agreement"]

1. e4 e6 2. d4 d5 3. e5 c5 4. c3 Nc6 5. Nf3 Bd7 6. Bd3 Qb6 7. O-O cxd4 8. Re1 Nh6 9. h3 Rc8 10. Nbd2 dxc3 11. bxc3 Bc5 12. Qe2 Nf5 13. Bxf5 exf5 14. Rb1 Qa6 15. Qxa6 bxa6 16. Nb3 Bb6 17. Ba3 Be6 18.
Bd6 h6 19. Nc5 Na5 20. Nxa6 Nc4 21. Nd4 Kd7 22. Bb4 f4 23. a4 g5 24. Ra1 Rhe8 25. a5 Bxd4 26. cxd4 f3 27. Nc5+ Kc6 28. gxf3 Bxh3 29. Nd3 Bf5 30. Nc5 Rb8 31. Bc3 Rb5 32. a6 h5 33. Nb7 g4 34. f4 h4 35. Kh2 Rg8 36. Rg1 Rb3 37. Rac1 Ra3 38. Nc5 Ra2 39. Rg2 h3 40. Rg3 Rxf2+ 41. Kg1 Rxf4 42. Rf1 Rxf1+ 43.
Kxf1 Rh8 44. Kg1 Rh5 45. Kh2 Rh6 46. Be1 Rh5 47. Rb3 Nb6 48. Bg3 Rh6 49. Nb7 Be6 50. Na5+ Kd7 51. Rc3 Nc4 52. Nb3 Bf5 53. Nc5+ Kc6 54.
Rb3 Nb6 55. Rc3 Kb5 56. Rb3+ Kc4 57. Rb2 Kxd4 58. Bf2+ Kc3 59. Na4+ Kd3 60. Nxb6 axb6 61. a7 Rh8 62. Rxb6 Ra8 63. Rb8 Rxa7 64. Bxa7 d4 65. Rd8 Ke4 66. Rxd4+ Kf3 67. Rd2 g3+ 68. Kg1 h2+ 69.
Rxh2 gxh2+ 70. Kxh2 Be6 71. Bb8 Ke4 72. Bd6 Kd5 73.
Bb8 Ke4 74. Bc7 1/2-1/2

[Event "Late-Titled-Tuesday-Blitz-September-19-2023"]
[Site "Chess.com"]
[Date "2023.09.19"]
[Round "6"]
[White "bipe137"]
[Black "Mops_2004"]
[Result "0-1"]
[WhiteElo "2565"]
[BlackElo "2806"]
[TimeControl "180+1"]
[EndTime "15:05:58 PDT"]
[Termination "Mops_2004 won by resignation"]

1. d4 g6 2. c4 Bg7 3. Nc3 d6 4. e4 e5 5. Nf3 Bg4 6. d5 Nd7 7. Be2 Bxf3 8. Bxf3 a5 9. O-O h5 10. Be3 Bh6 11. Qd2 Bxe3 12. Qxe3 Ngf6 13. a3 Nc5 14. b4 Nb3 15. Rab1 axb4 16. axb4 Nd4 17. Ne2 Nxe2+ 18. Bxe2 Kf8 19. Ra1 Kg7 20. c5 Qe7 21. f3 Nd7 22. Bb5 Nf6 23. Rfc1 Rhc8 24. Be2 Qf8 25. Ra3 Rxa3 26. Qxa3 Ra8 27. Qc3 h4 28.
Ra1 Nh5 29. c6 bxc6 30. dxc6 Nf4 31. Bf1 Rxa1 32. Qxa1 Qb8 33. g3 Qb6+ 34. Kh1 hxg3 35. hxg3 Nh5 36. Qe1 Qxc6 37. Qf2 d5 38. b5 Qd6 39. exd5 Qxd5 40. Kg2 e4 41. fxe4 Qxe4+ 42. Kh2 Qe5 43. Be2 Nf6 44. Qf3 Ne4 45. Kg2 Nxg3 46. Qxg3 Qxe2+ 47. Kg1 Qxb5 48. Qxc7 Qf5 49. Qe7 Qf6 50. Qe8 g5 51. Kg2 Kg6 52. Qg8+ Kh6 53. Kg1 Kh5 54. Kg2 Kg4 55. Qc8+ Qf5 56. Qc4+ Qf4 57. Qc8+ f5 58. Qc3 Qe4+ 59. Kh2 Qf3 60. Qh8 Qf4+ 61. Kg2 Qe4+ 62. Kf2 Qf3+ 63. Ke1 f4 64. Qh6 Qg2 65. Qe6+ Kg3 66. Qe5 g4 67. Qb8 Qf3 68. Qb2 Kh3 69. Qh8+ Kg2 70. Qb2+ Kh1 71.
Qh8+ Kg1 72. Qh5 Qe3+ 73. Kd1 g3 74. Qh3 g2 75. Qh4 f3 0-1

[Event "Late-Titled-Tuesday-Blitz-September-19-2023"]
[Site "Chess.com"]
[Date "2023.09.19"]
[Round "6"]
[White "tarno17"]
[Black "Bala-Afiada"]
[Result "1/2-1/2"]
[WhiteElo "2151"]
[BlackElo "1959"]
[TimeControl "180+1"]
[EndTime "15:05:59 PDT"]
[Termination "Game drawn by repetition"]

1. e4 c5 2. Nf3 Nc6 3. Bb5 d6 4. O-O Bg4 5. h3 Bxf3 6. Qxf3 e5 7. d3 Nf6 8. Nc3 Be7 9. Nd5 O-O 10. Nxe7+ Nxe7 11. Bg5 Ng6 12. Bc4 h6 13. Bxf6 Qxf6 14. Qxf6 gxf6 15. a4 Nf4 16. Kh2 Kg7 17. g3 Ne6 18. f4 Nd4 19. c3 Nc2 20. Rac1 Ne3 21.
Rf3 Nxc4 22. dxc4 exf4 23. gxf4 Rfe8 24. Rg1+ Kh7 25. Rfg3 Rg8 26. f5 Rg5 27. h4 Rxg3 28. Rxg3 Re8 29. Rg4 Re5 30. Kg3 b6 31. Kf3 a6 32.
Rg2 b5 33. cxb5 axb5 34. axb5 c4 35. Rd2 Rxb5 36. Rxd6 Rxb2 37. Rxf6 Kg7 38. Rc6 Rh2 39. Rxc4 Rxh4 40. Rc8 Rh3+ 41. Kg4 Rd3 42. c4 Rd4 43. Kf4 h5 44. c5 h4 45. c6 h3 46. c7 Rc4 47.
Kg3 Rc3+ 48. Kh2 Kf6 49. e5+ Kxf5 50. Kg1 Rc2 51. Kh1 h2 52. Rf8 Rxc7 53. Kxh2 Kxe5 54. Kg2 Rc3 55. Kf2 f5 56. Re8+ Kf4 57. Rd8 Rc2+ 58. Ke1 Kf3 59. Rd3+ Ke4 60. Ra3 f4 61. Ra4+ Kf3 62.
Ra3+ Kg2 63. Ra8 f3 64. Rg8+ Kh3 65. Rh8+ Kg3 66. Rg8+ Kf4 67. Rf8+ Ke4 68. Re8+ Kd4 69. Rd8+ Ke5 70. Re8+ Kf4 71. Rf8+ Ke4 72. Re8+ Kf4 73. Rf8+ 1/2-1/2

[Event "Late-Titled-Tuesday-Blitz-September-19-2023"]
[Site "Chess.com"]
[Date "2023.09.19"]
[Round "6"]
[White "nihalsarin"]
[Black "Sina_Movahed"]
[Result "1-0"]
[WhiteElo "3108"]
[BlackElo "2977"]
[TimeControl "180+1"]
[EndTime "15:06:05 PDT"]
[Termination "nihalsarin won by checkmate"]

1. e4 c5 2. Nf3 d6 3. Nc3 Nf6 4. d4 cxd4 5. Qxd4 Nc6 6. Qe3 g6 7. h3 Bg7 8. Bc4 O-O 9. O-O Qb6 10. Qe2 Qa5 11. Rd1 Bd7 12. Bb3 Rac8 13. Bg5 Ne5 14. Bxf6 Bxf6 15. Nd5 Bb5 16. Nxf6+ exf6 17. Qe3 Qc7 18. Nd4 Bc6 19. Qf4 Qe7 20. Re1 Bd7 21.
Rad1 Rc5 22. Qg3 Kh8 23. Ne2 a5 24. Nc3 Be6 25. f4 Nc4 26. f5 Bc8 27. Bxc4 Rxc4 28. Qxd6 Qxd6 29. Rxd6 gxf5 30. Rxf6 fxe4 31. Rxe4 Rxe4 32.
Nxe4 Be6 33. a3 Rc8 34. c3 Kg7 35. Rf2 b6 36. Rd2 Rc4 37. Nd6 Rh4 38. Kf2 Kf8 39. Nb5 Ke7 40. Nd4 Rh5 41. Nc6+ Kf6 42. Rd6 Rf5+ 43.
Kg1 Rd5 44. Rxd5 Bxd5 45. Nd4 Ke5 46. Kf2 Ke4 47. Ke2 Bc4+ 48. Kd2 Bf1 49. g3 Bxh3 50.
Nb5 Be6 51. b4 axb4 52. cxb4 Kf3 53. Nd4+ Ke4 54. Nxe6 fxe6 55. a4 Kd5 56. Kd3 h5 57. a5 bxa5 58. bxa5 Kc5 59. Ke4 Kb5 60. Ke5 Kxa5 61.
Kxe6 Kb6 62. Kf6 Kc7 63. Kg6 Kd7 64. Kxh5 Ke7 65. Kg6 Kf8 66. g4 Kg8 67. g5 Kh8 68. Kh6 Kg8 69. Kg6 Kh8 70. Kf7 Kh7 71. g6+ Kh8 72.
g7+ Kh7 73. g8=Q+ Kh6 74. Qg6# 1-0

[Event "Late-Titled-Tuesday-Blitz-September-19-2023"]
[Site "Chess.com"]
[Date "2023.09.19"]
[Round "6"]
[White "FabianoCaruana"]
[Black "maciek_92"]
[Result "0-1"]
[WhiteElo "3031"]
[BlackElo "2750"]
[TimeControl "180+1"]
[EndTime "15:06:07 PDT"]
[Termination "maciek_92 won by resignation"]

1. b3 e5 2. Bb2 Nc6 3. e3 d5 4. Bb5 Ne7 5. Nf3 e4 6. Ne5 f6 7.
Nxc6 bxc6 8. Be2 Ng6 9. d3 f5 10. Nd2 Be6 11. g3 Qd7 12. c4 Bd6 13. Qc2 O-O 14.
c5 Be7 15. O-O-O Qe8 16. h4 Bf6 17. Bxf6 Rxf6 18. d4 a5 19. Kb2 Nf8 20. Nb1 Bc8 21. Nc3 Ba6 22. Bxa6 Rxa6 23. a3 Qb8 24. Ka2 Nd7 25. Rb1 Rf8 26. Qe2 Qa7 27. Rb2 Nf6 28.
Rhb1 Rb8 29. a4 Rb4 30. Ka3 Qa8 31. Na2 Rb8 32. Qc2 Kf7 33. b4 axb4+ 34. Nxb4 Ra5 35. Nxc6 Rxb2 36. Ne5+ Ke7 37. Rxb2 Nd7 38. Nxd7 Kxd7 39. Qb3 Kc6 40. Qb4 g6 41. Qb3 Qa6 42. Qc2 Qf1 43.
Ka2 Qa6 44. Rb4 Qf1 45. Kb2 Kd7 46. c6+ Kd6 47. Rb8 Ke6 48. Rb7 Qa6 49. Ka3 Kd6 50. Qb3 Kxc6 51. Rb8 Kd7 52. Rb5 c6 53. Rxa5 Qxa5 54.
Qb4 Qa6 55. a5 Qd3+ 56. Qb3 Qa6 57. Ka4 Kc7 58. Qb4 Qd3 59. Qe7+ Kc8 60. Qe8+ Kc7 61.
Qe7+ Kc8 62. Qb4 Qc2+ 63. Qb3 Qc1 64. a6 Qa1+ 65. Qa3 Qxa3+ 66. Kxa3 Kc7 67. Kb4 Kb6 68. Ka4 Kxa6 69. Kb4 Kb6 70. Ka4 c5 71. dxc5+ Kxc5 72. Kb3 d4 73. exd4+ Kxd4 74. Kc2 e3 75. f3 f4 76.
gxf4 e2 77. Kd2 e1=Q+ 78. Kxe1 Ke3 79. h5 Kxf3 80. hxg6 hxg6 0-1

[Event "Late-Titled-Tuesday-Blitz-September-19-2023"]
[Site "Chess.com"]
[Date "2023.09.19"]
[Round "6"]
[White "jaskol95"]
[Black "ArtemDyachuk"]
[Result "0-1"]
[WhiteElo "2546"]
[BlackElo "2711"]
[TimeControl "180+1"]
[EndTime "15:06:15 PDT"]
[Termination "ArtemDyachuk won by checkmate"]

1. e4 c5 2. Nf3 d6 3. Bb5+ Nd7 4. a4 g6 5. a5 a6 6. Bc4 Bg7 7. Nc3 Ngf6 8. Bxf7+ Kxf7 9. Ng5+ Kg8 10. Ne6 Qe8 11.
Nc7 Qf7 12. Nxa8 h5 13. d3 Ne5 14. Nb6 Be6 15. O-O h4 16. f4 Bg4 17. Qe1 Nc6 18. h3 Nd4 19. Qf2 Be6 20. Kh2 Nh5 21. Nbd5 Ng3 22.
Re1 Bd7 23. Be3 e6 24. Nb6 Bc6 25. Bxd4 Bxd4 26. Qf3 Kg7 27. Nc4 Qe7 28. Qg4 Rh5 29. f5 Rg5 30. Qxh4 Nf1+ 31. Kh1 Ng3+ 32. Kh2 Nf1+ 33. Rxf1 Rxg2+ 34. Kxg2 Qxh4 35. fxe6 Qg5+ 36. Kh2 Bb5 37. Nd5 Bxc4 38. dxc4 Be5+ 39. Kh1 Qg3 40.
Nf4 Bxf4 41. Rxf4 Qxf4 42. Re1 Qe5 43. Kg2 Qxe6 44. b3 Qe5 45. Kf3 Qf6+ 46. Ke2 Qc3 47. Kd1 Qxh3 48. Kd2 Qg2+ 49. Re2 Qg5+ 50. Kd3 Qe5 51.
c3 g5 52. b4 g4 53. b5 g3 54. Ke3 Qxc3+ 55. Kf4 Kf6 56. Rg2 Qxc4 57. Rxg3 d5 58. Re3 axb5 59. a6 bxa6 60. Kf3 dxe4+ 61. Kf4 Qd4 62.
Rg3 Qe5+ 63. Kg4 Qxg3+ 64. Kxg3 Ke5 65. Kf2 a5 66. Ke2 a4 67. Kd2 a3 68. Kc3 b4+ 69. Kb3 e3 70. Kc2 Kd4 71. Kb3 e2 72. Kc2 e1=Q 73. Kb3 Qc3+ 74. Ka4 a2 75. Kb5 a1=Q 76. Kb6 Kd3 77. Kb5 c4 78. Kc5 Kd2 79. Kd5 Qc2 80. Kc5 b3 81. Kb4 b2 82. Kc5 b1=Q 83. Kd5 c3 84.
Ke5 Qcd1 85. Kf4 c2 86. Kg3 c1=Q 87. Kf2 Qg1+ 88. Kf3 Qf5# 0-1

[Event "Late-Titled-Tuesday-Blitz-September-19-2023"]
[Site "Chess.com"]
[Date "2023.09.19"]
[Round "6"]
[White "zsoltkorpics"]
[Black "Verony64"]
[Result "1/2-1/2"]
[WhiteElo "2349"]
[BlackElo "2260"]
[TimeControl "180+1"]
[EndTime "15:06:15 PDT"]
[Termination "Game drawn - insufficient material"]

1. e4 e5 2. Nf3 d6 3. d4 Nd7 4.
Nc3 c6 5. Be3 Be7 6. h3 Ngf6 7. g4 g6 8. Be2 Qc7 9. Ng5 h6 10. Nf3 b5 11. a3 a5 12. g5 hxg5 13. Nxg5 Nh5 14. Bxh5 Rxh5 15. h4 Nf6 16. f3 Bd7 17. Qe2 Bf8 18. f4 Ng4 19. fxe5 dxe5 20.
O-O-O Nxe3 21. Qxe3 b4 22. axb4 axb4 23. Nb1 Bh6 24. b3 O-O-O 25. d5 Bg4 26. Rd2 cxd5 27. Rxd5 Rxd5 28. exd5 Bf5 29. Rh2 Bxg5 30. hxg5 Rxh2 31. Nd2 Kd7 32. Nc4 Rh1+ 33. Kb2 Rh4 34. Nxe5+ Kc8 35. Nc4 Re4 36. Qd2 Qc5 37. d6 Qd4+ 38. Qxd4 Rxd4 39. c3 Rg4 40. cxb4 Rxg5 41. b5 Rg2+ 42. Ka3 Kd7 43. b6 Be4 44. Kb4 Rg4 45. Kc5 Bb7 46. Na5 Rg5+ 47.
Kb4 Kxd6 48. Nxb7+ Kc6 49. Nd8+ Kxb6 50. Nxf7 Rg4+ 51.
Kc3 Rf4 52. Ne5 g5 53. Nd3 Rf3 54. Kd4 g4 55. Ke4 Rf1 56. Ke3 Rb1 57. Nf2 Rxb3+ 58. Kf4 Rb4+ 59. Kg3 Kc5 60. Nxg4 Rb3+ 61. Kf4 Kc4 62.
Ne5+ Kc3 63. Nf3 Rb4+ 64. Ke3 Kb3 65. Nd4+ Ka4 66. Ne2 Kb5 67. Kd3 Kc5 68. Nc3 Rd4+ 69. Kc2 Kc4 70. Nd1 Rh4 71. Nb2+ Kb4 72. Nd3+ Kc4 73.
Nb2+ Kd4 74. Kb3 Rh3+ 75. Kb4 Rh2 76. Nc4 Rh8 77. Na5 Rb8+ 78. Ka4 Kc5 79. Nb3+ Kc4 80. Na5+ Kc5 81. Nb3+ Kc6 82. Na5+ Kd5 83. Nb3 Kc4 84. Na5+ Kc3 85. Nc6 Rb6 86. Na5 Rb2 87. Nc6 Ra2+ 88. Kb5 Ra8 89. Kc5 Rc8 90. Kd6 Kc4 91. Kd7 Kb5 92. Kxc8 1/2-1/2

[Event "Late-Titled-Tuesday-Blitz-September-19-2023"]
[Site "Chess.com"]
[Date "2023.09.19"]
[Round "6"]
[White "pirulillo"]
[Black "DefiantChair"]
[Result "0-1"]
[WhiteElo "2378"]
[BlackElo "2591"]
[TimeControl "180+1"]
[EndTime "15:06:16 PDT"]
[Termination "DefiantChair won by resignation"]

1. e4 c5 2. Nf3 d6 3. d4 cxd4 4. Nxd4 Nf6 5. Nc3 a6 6. Be2 e5 7. Nb3 Be7 8. Be3 Be6 9. Nd5 Nbd7 10. Qd3 O-O 11. c4 b5 12. cxb5 Bxd5 13. exd5 Nb6 14. Bxb6 Qxb6 15. bxa6 Qb4+ 16. Qd2 Qxd2+ 17. Kxd2 Nxd5 18.
Bf3 Bg5+ 19. Kd1 Nb4 20. Bxa8 Rxa8 21. h4 Bh6 22. Rh3 Rxa6 23. a3 Nd5 24. Rd3 Nf4 25. Rc3 g6 26. g3 Ne6 27. Ke2 f5 28. Rd1 Kf7 29. Rcd3 Ke7 30. Nc1 Bg7 31. b4 e4 32.
Rb3 Nd4+ 33. Rxd4 Bxd4 34. b5 Ra4 35. b6 Rc4 36. b7 Ba7 37. Kd1 Bb8 38. Na2 d5 39. Nb4 Kd6 40. Na6 Ba7 41. b8=Q+ Bxb8 42. Nxb8 Ra4 43. Kd2 d4 44. Kc2 h6 45. Kb2 d3 46.
Rb4 Ra5 47. a4 Rc5 48. Ka3 Rc2 49. Kb3 Rxf2 50. a5 d2 51. Rd4+ Kc5 52. Rd8 e3 53. Kc2 Rf1 54. a6 Rc1+ 55. Kb2 d1=Q 56. Rxd1 Rxd1 57.
a7 e2 58. a8=Q e1=Q 59. Qc6+ Kd4 60. Qb6+ Ke4 61. Qb7+ Ke3 62. Qb6+ Kf3 63. Qb7+ Kxg3 64. Qc7+ Kh3 65. Nc6 Qe2+ 66. Kb3 Rb1+ 67. Kc3 Qb2+ 68. Kc4 Rc1+ 69. Kd5 Qb5+ 70. Kd6 Qxc6+ 71. Qxc6 Rxc6+ 72. Kxc6 f4 0-1

[Event "Late-Titled-Tuesday-Blitz-September-19-2023"]
[Site "Chess.com"]
[Date "2023.09.19"]
[Round "6"]
[White "Njal28"]
[Black "dropstoneDP"]
[Result "0-1"]
[WhiteElo "3102"]
[BlackElo "3047"]
[TimeControl "180+1"]
[EndTime "15:06:17 PDT"]
[Termination "dropstoneDP won on time"]

1. d4 Nf6 2. c4 e6 3. Nc3 d5 4. cxd5 Nxd5 5. e4 Nxc3 6. bxc3 c5 7. Rb1 Be7 8. Nf3 O-O 9. h4 b6 10. h5 h6 11. Rh3 cxd4 12. cxd4 Bb7 13. Rg3 Kh8 14. d5 exd5 15. Qd4 Bf6 16. e5 Nc6 17. exf6 Re8+ 18. Be3 Nxd4 19. fxg7+ Kg8 20. Nxd4 Qf6 21. Bd3 Ba6 22. Bf5 Re5 23. Rc1 Bc4 24. Rf3 Qh4 25. Kd2 Rae8 26. Bb1 Qe7 27. Rc3 Qb4 28. Bc2 Bxa2 29. Nc6 Qd6 30. Nxe5 Qxe5 31. Rd3 Bc4 32. Rd4 Qd6 33. Rg3 Qb4+ 34. Kd1 Qe7 35. Rdg4 Qe5 36. Bh7+ Kxh7 37. g8=Q+ Rxg8 38. Rxg8 Qxh5+ 39. Kc1 Qe5 40. R8g7+ Qxg7 41. Rxg7+ Kxg7 42. Bf4 b5 43. Bb8 a5 44.
Bc7 a4 45. Bd6 Kg6 46. Kd2 d4 47. Bc5 d3 48. Ke3 h5 49. g3 Kf5 50. f3 Ke6 51. Bb4 Kd5 52. Ba3 Ke5 53. Bb4 Kf5 54. Ba3 Bd5 55.
Bb4 Bc6 56. Kf2 Ke6 57. Ke3 Bb7 58. Ba3 Bd5 59. Bb4 Ba8 60. Ba3 d2 61. Kxd2 Bxf3 62. Ke3 Bg4 63. Kd4 Be2 64. Bb4 Kf5 65. Ba3 Bc4 66. Bb4 Kg4 67. Bd6 f5 68. Ke3 Bd5 69.
Kf2 Be4 70. Bb4 Kg5 71. Be7+ Kg6 72. Ke3 Kf7 73. Bb4 Ke6 74. Kd4 Bf3 75. Ba3 Be2 76. Bb4 Bf1 77. Ba3 f4 78. gxf4 h4 79. Ke3 h3 80.
Kf3 h2 0-1

[Event "Late-Titled-Tuesday-Blitz-September-19-2023"]
[Site "Chess.com"]
[Date "2023.09.19"]
[Round "6"]
[White "Arystanner"]
[Black "stolencandy13"]
[Result "1-0"]
[WhiteElo "2802"]
[BlackElo "2568"]
[TimeControl "180+1"]
[EndTime "15:06:18 PDT"]
[Termination "Arystanner won on time"]

1. d4 c6 2. c4 d5 3. Nf3 Nf6 4. e3 e6 5. Bd3 Ne4 6. O-O Nd7 7. b3 Be7 8. Qc2 f5 9. Ba3 O-O 10.
Bxe7 Qxe7 11. Nc3 a5 12. Rac1 g5 13. Ne5 Nxe5 14. dxe5 Bd7 15. f3 Nxc3 16. Qxc3 f4 17. cxd5 cxd5 18. e4 Bc6 19. exd5 Bxd5 20. Qc7 Qxc7 21.
Rxc7 Rf7 22. Rfc1 Bc6 23. Rxf7 Kxf7 24. Bxh7 Rd8 25. h4 gxh4 26. Kh2 Rd2 27. Rc2 Rd1 28.
Rc4 Kg7 29. Be4 Bd5 30. Bxd5 Rxd5 31. Rxf4 Rxe5 32. Rxh4 Re2 33. Re4 Rxa2 34. Rxe6 Rb2 35. Re5 b6 36. Rb5 Kf7 37. Kg3 Ke7 38. f4 Kd7 39.
Rxb6 a4 40. b4 Kc7 41. Rb5 Kc6 42. Rb8 Kc7 43. Ra8 Rxb4 44. f5 Kb7 45. Re8 a3 46. Re3 a2 47. Ra3 Rb2 48. Kf3 Kc6 49. g4 Rb3+ 50.
Rxb3 a1=Q 51. Re3 Kd5 52. Kf4 Qc1 53. Kf3 Kd4 54. Re6 Qf1+ 55. Kg3 Qg1+ 56. Kf4 Qf2+ 57. Kg5 Kd5 58. Kg6 Qg3 59. g5 Qg4 60. Re7 Kd6 61. f6 Qh4 62. Re8 Qg3 63. f7 Qd3+ 64. Kh6 Qh3+ 65.
Kg7 Qc3+ 66. Kg8 Qc4 67. g6 Kd7 68. g7 Qd5 69. Re1 Qc4 70. Rd1+ Ke7 71. Re1+ Kf6 72. Rf1+ Kg6 73. Rg1+ Kf6 74. Kh8 Kxf7 75. g8=Q+ Kf6 76. Qxc4 1-0

[Event "Late-Titled-Tuesday-Blitz-September-19-2023"]
[Site "Chess.com"]
[Date "2023.09.19"]
[Round "6"]
[White "Orest_Vovk"]
[Black "wild3000"]
[Result "1/2-1/2"]
[WhiteElo "2550"]
[BlackElo "2471"]
[TimeControl "180+1"]
[EndTime "15:07:37 PDT"]
[Termination "Game drawn by 50-move rule"]

1. e4 d6 2. Nf3 a6 3. Nc3 b5 4. a3 Bb7 5. d4 Nf6 6. Bd3 e6 7. Qe2 c5 8. dxc5 dxc5 9. e5 Nd5 10. Nxd5 Bxd5 11. c4 bxc4 12. Bxc4 Be7 13. O-O O-O 14. Be3 Nc6 15. Rac1 Bxf3 16. Qxf3 Nxe5 17. Qe4 Nxc4 18.
Rxc4 Qd5 19. Qc2 Rfd8 20. Bxc5 Bxc5 21. Rxc5 Qd3 22. Qxd3 Rxd3 23. Rfc1 g6 24. Rc8+ Rxc8 25. Rxc8+ Kg7 26. g3 Rb3 27. Rc6 a5 28. Rc5 a4 29.
Rc4 Rxb2 30. g4 g5 31. Rxa4 Ra2 32. Ra8 f5 33. gxf5 exf5 34. a4 Kg6 35. a5 Kh5 36.
a6 Kg4 37. Kg2 h5 38. a7 h4 39. h3+ Kf4 40. Kg1 Kf3 41. Rf8 Ra1+ 42. Kh2 Rxa7 43. Rxf5+ Ke2 44. Kg2 Rg7 45. Re5+ Kd3 46. Kf3 Rf7+ 47. Kg4 Rxf2 48. Kxg5 Kd4 49. Re1 Rg2+ 50. Kxh4 Kd5 51. Kh5 Kd6 52. h4 Rg3 53. Kh6 Kd7 54. h5 Rg2 55. Kh7 Rg3 56. h6 Rg2 57. Kh8 Rg3 58. h7 Rg2 59. Ra1 Ke7 60. Ra8 Kf7 61.
Rg8 Rh2 62. Rg7+ Kf8 63. Rg1 Rf2 64. Rg3 Rf1 65. Rg2 Rf3 66. Rg7 Rf2 67. Rb7 Rf3 68. Rb2 Rf4 69. Rb8+ Kf7 70. Ra8 Rf2 71. Ra7+ Kf8 72.
Ra3 Rf4 73. Ra2 Rf3 74. Ra1 Rf2 75. Ra4 Rf3 76. Rg4 Rf2 77. Rg3 Rf4 78. Rg2 Rf3 79. Rg8+ Kf7 80. Rg7+ Kf8 81. Rg1 Rf4 82. Re1 Rf3 83. Re5 Rf2 84. Re3 Rf4 85. Re2 Rf3 86.
Re4 Rf2 87. Rc4 Rf3 88. Rc8+ Kf7 89. Rd8 Rf2 90. Rd4 Rf1 91. Rd3 Kf8 92. Rd2 Rf3 93. Rd1 Rf2 94. Rg1 Rf3 95. Rg6 Rf2 96. Rg7 Rf1 97. Rd7 Rf2 98. Rd8+ Kf7 99. Rb8 Rf1 100. Rb6 Kf8 101. Rb7 Rf2 102. Ra7 Rf1 103. Ra3 Rf4 104. Ra2 Rf5 105. Ra4 Rf3 106. Ra5 Rf2 107. Ra3 Rf1 108. Ra8+ 1/2-1/2